 Dungeon Crawl Stone Soup version 0.29-a0-88-g03a7b78be7 (webtiles) character file.

Game seed: 11836586890927297659

205 enile the Chiller (level 5, 0/41 HPs)
             Began as a Merfolk Ice Elementalist on Feb 6, 2022.
             Was a Believer of Sif Muna.
             Slain by an orc wizard (2 damage)
             ... on level 3 of the Dungeon.
             The game lasted 00:06:31 (4021 turns).

enile the Chiller (Merfolk Ice Elementalist)        Turns: 4021, Time: 00:06:31

Health: 0/41       AC:  2    Str:  8    XL:     5   Next: 83%
Magic:  4/9        EV: 13    Int: 16    God:    Sif Muna [**....]
Gold:   87         SH:  0    Dex: 15    Spells: 6/10 levels left

rFire   . . .      SeeInvis .   n - +0 falchion
rCold   + . .      Faith    .   (no shield)
rNeg    . . .      Spirit   .   a - +0 robe
rPois   .          Reflect  .   (no helmet)
rElec   .          Harm     .   (no cloak)
rCorr   .          Rampage  .   (no gloves)
Will    .....                   (no boots)
Stlth   +.........              (no amulet)
HPRegen 0.13/turn               m - ring of protection from cold
MPRegen 0.11/turn               (no ring)

@: confused, brilliant, attractive, flying
A: (nimble swimmer 2), mertail
a: Renounce Religion, Channel Magic


You were on level 3 of the Dungeon.
You worshipped Sif Muna.
Sif Muna was pleased with you.
You visited 1 branch of the dungeon, and saw 3 of its levels.

You collected 87 gold pieces.

Inventory:

Hand Weapons
 c - a +0 dagger
 e - a +0 dagger
 n - a +0 falchion (weapon)
Armour
 a - a +0 robe (worn)
Jewellery
 m - a ring of protection from cold (left hand)
Scrolls
 b - 2 scrolls of vulnerability {unknown}
 d - a scroll of teleportation {unknown}
 f - a scroll of fog
 h - a scroll of identify {unknown}
 i - 2 scrolls of brand weapon {unknown}
 j - a scroll of blinking {unknown}


   Skills:
 - Level 3.0 Fighting
 + Level 3.2 Dodging
 - Level 2.1 Stealth
 - Level 3.0 Spellcasting
 - Level 6.0 Ice Magic


You had 6 spell levels left.
You knew the following spells:

 Your Spells              Type           Power      Damage    Failure   Level
a - Freeze                Ice            100%       1d11      1%          1
b - Frozen Ramparts       Ice            64%        1d8       4%          3

Your spell library contained the following spells:

 Spells                   Type           Power      Damage    Failure   Level
 Ozocubu's Armour         Ice            32%        N/A       4%          3
 Hailstorm                Conj/Ice       18%        3d6       47%         4
 Fireball                 Conj/Fire      1%         3d3       99%         5
 Iskenderun's Battlesphe  Conj           3%         2d6       99%         5
 Conjure Ball Lightning   Conj/Air       1%         3x3d6     100%        6
 Orb of Destruction       Conj           1%         9d5       100%        7


Dungeon Overview and Level Annotations

Branches:
Dungeon (3/15)

Altars:
Sif Muna

Annotations:
D:3 1 runed translucent door, Crazy Yiuf


Innate Abilities, Weirdness & Mutations

((You are very nimble when in or above water. (Stealth+, EV+, Speed+++)))
Your lower body shifts to a powerful aquatic tail in water.


Message History

Press: ? - help, Shift-Dir - straight line, f - orc priest
Aim: an orc priest, wielding a +0 club (grey smoke, severely wounded)
You freeze the orc priest!
You kill the orc priest!
Sif Muna accepts your kill.
The wall freezes something.
Training target 6.0 for Ice Magic reached!
Your Ice Magic skill increases to level 6!
You need to enable at least one skill for training.
Your Dodging skill increases to level 3!
Your frozen ramparts will break if you move.
Continue?
Okay, then.
You hit something. Your punch misses something.
The frozen ramparts melt away.
You hear some strange, mumbled words.
A magic dart appears from out of thin air!
The magic dart hits you!
* * * LOW HITPOINT WARNING * * *
It was a potion of cancellation.
You feel magically purged.
You hear some strange, mumbled words.
A puff of flame appears from out of thin air!
The puff of flame misses you.
It was a potion of attraction.
You feel attractive to monsters. Something hits you.
* * * LOW HITPOINT WARNING * * *
It was a potion of flight.
You feel very buoyant.
You fly up into the air.
Something hits you.
* * * LOW HITPOINT WARNING * * *
It was a potion of brilliance.
You feel clever all of a sudden.
An endoplasm comes into view.
You hear some strange, mumbled words.
You are confused.
You hear some strange, mumbled words.
A puff of flame appears from out of thin air!
The puff of flame misses you. Something is attracted toward you.
You are too confused!
You bump into the rock wall.
Something hits you.
You die...

#.. #.#.###.# ♣♣.
#.. ##.#.# #.# #+
#####.J###....###.#
..
..>...............#
#..
#.####.#.#...#####
#.. #§#.##..# ###
#§##....# #.####..#
#@# #..... #.#
#.####.. ##### #.#
#.# ..... ..# #.#
##### ### #.# .# #
. #


There were no monsters in sight!

Vanquished Creatures
  2 orc priests (D:3)
  5 adders
  2 worms
  2 dart slugs (D:2)
  8 orcs (D:3)
  9 endoplasms
  4 giant cockroaches
  5 hobgoblins
  8 jackals (D:1)
  3 kobolds
  4 quokkas
  3 ball pythons
  6 bats
  4 frilled lizards
  9 goblins
  7 rats
81 creatures vanquished.

Notes
Turn   | Place    | Note
-------+----------+-------------------------------------------
     0 | D:1      | enile the Merfolk Ice Elementalist began the quest for the
                  | Orb.
     0 | D:1      | Reached XP level 1. HP: 13/13 MP: 3/3
    32 | D:1      | Reached skill level 1 in Fighting
   137 | D:1      | Reached XP level 2. HP: 12/22 MP: 1/5
  1163 | D:1      | Found a faded altar of an unknown god.
  1172 | D:1      | Prayed at the altar of an unknown god.
  1172 | D:1      | Became a worshipper of Sif Muna the Loreminder
  1172 | D:1      | Reached * piety under Sif Muna
  1192 | D:1      | Reached XP level 3. HP: 28/28 MP: 6/6
  2233 | D:2      | Reached ** piety under Sif Muna
  2253 | D:2      | Reached skill level 5 in Ice Magic
  2253 | D:2      | Reached XP level 4. HP: 35/35 MP: 3/7
  2296 | D:2      | Learned a level 3 spell: Frozen Ramparts
  3623 | D:3      | Reached XP level 5. HP: 41/41 MP: 4/9
  3938 | D:3      | Found a runed translucent door.
  3939 | D:3      | Noticed Crazy Yiuf
  4015 | D:3      | Reached skill level 6 in Ice Magic
  4018 | D:3      | HP: 1/41 [something (3)]
  4021 | D:3      | Slain by an orc wizard

Illustrated notes

Levels and vault maps discovered:
D:1:      amcnicky_arrival_underground_garden, layout_loops_corners,
          basic_ecumenical_altar
D:2:      layout_loops_ring, grunt_ministairs_3
D:3:      layout_loops_ring, serial_shops, nicolae_lakefront_shop,
          hangedman_decor_riveting, uniq_crazy_yiuf_cottage

Skill      XL: |  1  2  3  4  5 |
---------------+----------------+-----
Fighting       | 1 2 3 |  3.0
Ice Magic      | 5 6 |  6.0
Spellcasting   | 3 |  3.0
Dodging        | 3 |  3.2
Stealth        | |  2.1

Action                   |  1- 3 |  4- 6 || total
-------------------------+-------+-------++-------
Melee: Unarmed           |     7 |       ||     7
       Dagger            |    73 |    30 ||   103
       Punch             |     5 |       ||     5
       Falchion          |       |     3 ||     3
 Cast: Freeze            |    49 |    52 ||   101
       Frozen Ramparts   |       |     3 ||     3
  Use: Potion            |     1 |     4 ||     5
       Scroll            |       |     1 ||     1
 Stab: Sleeping          |     3 |     4 ||     7
Armor: Robe              |    17 |    13 ||    30
Dodge: Dodged            |    81 |    42 ||   123

Table legend: (Time is in decaauts)
 A = Elapsed time spent in this place.
 B = Non-inter-level travel time spent in this place.
 C = Inter-level travel time spent in this place.
 D = Time resting spent in this place.
 E = Time spent auto-exploring this place.
 F = Levels seen in this place.
 G = Mean time per level.
                   A        B        C        D        E       F      G
               +--------+--------+--------+--------+--------+-----+--------+
         Total |   3999 |   3905 |     94 |      0 |   3276 |   3 | 1333.0 |
       Dungeon |   3999 |   3905 |     94 |      0 |   3276 |   3 | 1333.0 |
               +--------+--------+--------+--------+--------+-----+--------+

Top non-repeatable levels by time:
     D:1: 2126 daAuts
     D:2: 1325 daAuts
     D:3: 547 daAuts
